 Dungeon Crawl Stone Soup version 0.22.1 (webtiles) character file.

172 Curus the Slasher (level 5, -3/45 HPs)
             Began as a Minotaur Monk on Sept 18, 2018.
             Killed from afar by an orc wizard (10 damage)
             ... with a magic dart
             ... on level 3 of the Dungeon.
             The game lasted 00:07:57 (2336 turns).

Curus the Slasher (Minotaur Monk)                   Turns: 2336, Time: 00:07:58

Health: -3/45      AC:  3    Str: 15    XL:     5   Next: 27%
Magic:  4/4        EV: 13    Int:  7    God:
Gold:   141        SH:  0    Dex: 14    Spells: 4/4 levels left

rFire    . . .     SeeInvis .   a - +0 falchion
rCold    . . .     Gourm    .   (no shield)
rNeg     . . .     Faith    .   d - +0 leather armour
rPois    .         Spirit   .   (helmet restricted)
rElec    .         Reflect  .   (no cloak)
rCorr    .         Harm     .   (no gloves)
MR       .....     Clarity  +   (no boots)
Stlth    ++........             (no amulet)
HPRegen  0.15/turn              (no ring)
MPRegen  0.09/turn              (no ring)

@: slowed, very slow
A: retaliatory headbutt, horns 2, clarity, wild magic 1
a: no special abilities


You were on level 3 of the Dungeon.
You were hungry.

You visited 1 branch of the dungeon, and saw 3 of its levels.

You collected 141 gold pieces.

Inventory:

Hand Weapons
 a - a +0 falchion (weapon)
Armour
 b - a +0 robe
 d - a +0 leather armour (worn)
Wands
 h - a wand of iceblast (5)
Scrolls
 e - a scroll of remove curse
 f - a scroll of fog
 g - a scroll of identify
Comestibles
 c - 6 rations


   Skills:
 - Level 3.6 Fighting
 + Level 7.3 Long Blades
 - Level 3.2 Dodging
 - Level 1.5 Stealth


You had 4 spell levels left.
You didn't know any spells.
Your spell library was empty.

Dungeon Overview and Level Annotations

Branches:
Dungeon (3/15)

Altars:
Wu Jian


Innate Abilities, Weirdness & Mutations

You reflexively headbutt those who attack you in melee.
You have a pair of horns on your head.
You possess an exceptional clarity of mind.
Your spells are a little harder to cast, but a little more powerful.


Message History

The orc wizard is moderately wounded.
The orc misses you. The orc wizard closely misses you.
You barely miss the orc wizard. You headbutt the orc wizard.
The orc wizard is moderately wounded.
The orc hits you with a club.
* * * LOW HITPOINT WARNING * * *
The orc wizard hits you but does no damage.
You hit the orc wizard but do no damage.
You headbutt the orc wizard, but do no damage.
The orc wizard is moderately wounded.
The orc wizard hits you with a dagger of electrocution.
* * * LOW HITPOINT WARNING * * *
The orc barely misses you. You furiously retaliate!
You headbutt the orc.
The orc wizard points at you and mumbles some strange words.
You resist with some effort. The orc misses you.
You hit the orc wizard.
The orc wizard is heavily wounded.
The orc wizard gestures at you while chanting.
The magic dart hits you!
You die...

# ##.....# #...######
##### #.....# ###.#
....# #.##+# #.# ....#
..#.# #.# ....# #.#.#
#.# ....#
######...###### #.######
....# ..............#
#......# #####
......†oo.....# #..###.#
.......@......# #....).#
........).....# ##.#####
........(.....# #.....#
...######..###########.#
# .. #.((...........# #
. ##.(.########### #
#...# # ....... #
#.####..##


You could see an orc wizard and an orc.

Vanquished Creatures
  A bullfrog zombie (D:3)
  3 gnolls (D:2)
  4 adders
  An ooze (D:3)
  2 dart slugs
  A leopard gecko (D:3)
  2 orcs (D:3)
  2 ball pythons (D:1)
  7 goblins
  6 hobgoblins
  7 jackals
  6 kobolds
  8 bats
  7 frilled lizards
  2 quokka skeletons (D:2)
  10 rats
69 creatures vanquished.

Notes
Turn   | Place    | Note
-------+----------+-------------------------------------------
     0 | D:1      | Curus the Minotaur Monk began the quest for the Orb.
     0 | D:1      | Reached XP level 1. HP: 19/19 MP: 0/0
    86 | D:1      | Reached skill level 4 in Long Blades
   276 | D:1      | Reached XP level 2. HP: 26/26 MP: 1/1
   503 | D:1      | Gained mutation: You possess an exceptional clarity of
                  | mind. [potion of mutation]
   503 | D:1      | Gained mutation: Your spells are a little harder to cast,
                  | but a little more powerful. [potion of mutation]
   583 | D:1      | Reached skill level 5 in Long Blades
   877 | D:2      | Reached XP level 3. HP: 29/31 MP: 2/2
  1061 | D:2      | Reached skill level 6 in Long Blades
  1061 | D:2      | Reached XP level 4. HP: 18/39 MP: 3/3
  1336 | D:2      | Found an ornate altar of the Wu Jian Council.
  1686 | D:3      | Reached skill level 7 in Long Blades
  1686 | D:3      | Reached XP level 5. HP: 22/45 MP: 4/4
  2336 | D:3      | Killed from afar by an orc wizard

Skill      XL: |  1  2  3  4 |
---------------+-------------+-----
Long Blades    | 4 5 6 7 |  7.3
Fighting       | |  3.6
Dodging        | |  3.2
Stealth        | |  1.5

Action                   |  1- 3 |  4- 6 || total
-------------------------+-------+-------++-------
Melee: Falchion          |    71 |    75 ||   146
       Headbutt          |     8 |    20 ||    28
  Use: Scroll            |     3 |     2 ||     5
       Potion            |     2 |     1 ||     3
 Stab: Sleeping          |     4 |     2 ||     6
  Eat: Chunk             |     1 |     3 ||     4
Armor: Robe              |     9 |       ||     9
       Leather armour    |    16 |    12 ||    28
Dodge: Dodged            |    63 |    39 ||   102
       Rpst.: Falchion   |    18 |     8 ||    26
